 Dungeon Crawl Stone Soup version 0.22-b1-21-g5cfc1688f2 (webtiles) character file.

289 Pisosu the Shield-Bearer (level 6, 0/55 HPs)
             Began as a Minotaur Fighter on Aug 6, 2018.
             Slain by an iguana (11 damage)
             ... on level 4 of the Dungeon.
             The game lasted 00:07:03 (3263 turns).

Pisosu the Shield-Bearer (Minotaur Fighter)         Turns: 3263, Time: 00:07:04

Health: 0/55       AC:  7    Str: 23    XL:     6   Next: 9%
Magic:  5/5        EV:  7    Int:  5    God:
Gold:   157        SH: 10    Dex:  9    Spells: 5/5 levels left

rFire    . . .     SeeInvis .   t - +2 flail (protect)
rCold    . . .     Gourm    .   c - +0 shield
rNeg     . . .     Faith    .   b - +0 scale mail
rPois    .         Spirit   .   (helmet restricted)
rElec    .         Reflect  .   (no cloak)
rCorr    .         Harm     .   (no gloves)
MR       .....                  (no boots)
Stlth    ..........             (no amulet)
HPRegen  0.18/turn              (no ring)
MPRegen  0.09/turn              (no ring)

@: no status effects
A: retaliatory headbutt, horns 2
a: no special abilities


You were on level 4 of the Dungeon.
You were not hungry.

You visited 1 branch of the dungeon, and saw 4 of its levels.

You collected 157 gold pieces.

Inventory:

Hand Weapons
 t - a +2 flail of protection (weapon)
 v - a +1 flail of holy wrath
Missiles
 e - 7 tomahawks (quivered)
Armour
 b - a +0 scale mail (worn)
 c - a +0 shield (worn)
Jewellery
 g - an uncursed ring of protection from fire {unknown}
 s - an uncursed amulet of harm {unknown}
Scrolls
 a - a scroll of noise {unknown}
 h - 2 scrolls of identify {unknown}
 n - a scroll of enchant weapon {unknown}
 p - 2 scrolls of enchant armour {unknown}
 q - a scroll of remove curse {unknown}
 u - a scroll of magic mapping {unknown}
 w - a scroll of fog {unknown}
Potions
 d - 2 potions of might
 i - 2 potions of curing {unknown}
 j - 2 potions of berserk rage {unknown}
 k - a potion of lignification {unknown}
 l - a potion of haste {unknown}
 m - a potion of ambrosia {unknown}
 o - a potion of heal wounds {unknown}
 r - a potion of magic {unknown}
Comestibles
 f - 8 rations


   Skills:
 + Level 4.8 Fighting
 + Level 4.9 Maces & Flails
 + Level 4.8 Armour
 + Level 5.3 Shields


You had 5 spell levels left.
You didn't know any spells.
Your spell library was empty.

Dungeon Overview and Level Annotations

Branches:
Dungeon (4/15)
 Temple: D:4-7

Altars:
Hepliaklqana
Okawaru
Uskayaw
Zin


Innate Abilities, Weirdness & Mutations

You reflexively headbutt those who attack you in melee.
You have a pair of horns on your head.


Message History

Sorry, you're not good enough to have a special ability.
You feel sick.
The orc shouts!
You hear a shout!
The orc hits you but does no damage. The orc barely misses you.
You feel sick.
You feel sick.
A scorpion comes into view.
A leopard gecko comes into view.
The leopard gecko hisses angrily.
You feel sick. The scorpion stings you.
* * * LOW HITPOINT WARNING * * *
An iguana comes into view.
The iguana hisses angrily.
The iguana moves out of view.
You feel sick.
You are no longer poisoned.
Okay, then.
The iguana bites you!
You die...

#............
##.oo...o....
##..##########
##.o## ##...
##l.## ###....
##.o##
##......
##s.##
#.......
###..##
#.......
#..@.#
##......
#......l#
###....
##........
####.
#.#........ ##
#. ##........#
##. #
.........#
##..
..........#
####...
.........##
#.......
#.......


You could see an orc warrior, a scorpion, an iguana, 2 orcs and a leopard gecko.

Vanquished Creatures
  A scorpion (D:4)
  A hound (D:4)
  An orc priest (D:3)
  7 adders
  A gnoll (D:1)
  An ooze (D:1)
  2 dart slugs (D:1)
  4 leopard geckos
  14 orcs
  3 giant cockroaches
  9 goblins
  5 hobgoblins
  7 jackals
  9 kobolds
  3 ball pythons
  5 bats
  6 frilled lizards
  9 rats
88 creatures vanquished.

Notes
Turn   | Place    | Note
-------+----------+-------------------------------------------
     0 | D:1      | Pisosu the Minotaur Fighter began the quest for the Orb.
     0 | D:1      | Reached XP level 1. HP: 19/19 MP: 0/0
    69 | D:1      | Reached XP level 2. HP: 27/27 MP: 1/1
   202 | D:1      | Reached skill level 4 in Shields
   699 | D:1      | Reached XP level 3. HP: 33/33 MP: 2/2
  1352 | D:2      | Reached XP level 4. HP: 32/40 MP: 3/3
  2098 | D:3      | Found an iron altar of Okawaru.
  2099 | D:3      | Found a hazy altar of Hepliaklqana.
  2109 | D:3      | Reached XP level 5. HP: 29/47 MP: 4/4
  2118 | D:3      | Found a glowing silver altar of Zin.
  2253 | D:3      | Found a hide-covered altar of Uskayaw.
  2297 | D:3      | Reached skill level 5 in Shields
  3230 | D:4      | Noticed an orc warrior
  3234 | D:4      | Reached XP level 6. HP: 50/55 MP: 5/5
  3263 | D:4      | Slain by an iguana

Skill      XL: |  1  2  3  4  5 |
---------------+----------------+-----
Fighting       | 4 |  4.8
Shields        | 4 5 |  5.3
Armour         | 4 |  4.8
Maces & Flails | 3 4 |  4.9

Action                   |  1- 3 |  4- 6 || total
-------------------------+-------+-------++-------
Melee: Flail             |    79 |   137 ||   216
       Headbutt          |    12 |    19 ||    31
  Eat: Chunk             |     1 |     7 ||     8
Armor: Scale mail        |    73 |    83 ||   156
Dodge: Dodged            |    30 |    48 ||    78
Block: Shield            |    62 |    89 ||   151
